 Dungeon Crawl Stone Soup version 0.31.0-7-gf635a9b802 (webtiles) character file.

Game seed: 11075464334799203118

4297 Mamutox the Covert (level 10, -3/46 HPs)
             Began as a Spriggan Earth Elementalist on Jan 22, 2024.
             Was a Follower of Nemelex Xobeh.
             Slain by a killer bee (7 damage)
             ... on level 9 of the Dungeon on Jan 23, 2024.
             The game lasted 00:55:04 (11638 turns).

Mamutox the Covert (Spriggan Earth Elementalist)   Turns: 11638, Time: 00:55:05

Health: -3/46      AC:  2    Str:  4    XL:     10   Next: 11%
Magic:  19/20      EV: 23    Int: 22    God:    Nemelex Xobeh [*.....]
Gold:   157        SH:  0    Dex: 15    Spells: 13/21 levels left

rFire   . . .        i - +0 dagger
rCold   . . .        (no shield)
rNeg    . . .        a - +0 robe
rPois   .            (helmet restricted)
rElec   .            (no cloak)
rCorr   .            (gloves unavailable)
SInv    +            (boots unavailable)
Will    +....        (no amulet)
Stlth   +++++        (no ring)
HPRegen 0.27/turn    (no ring)
MPRegen 0.17/turn

%: no passive effects
@: very quick
A: very small, no large weapons, unfitting armour, see invisible, speed 3
a: Renounce Religion, Draw Escape, Draw Destruction, Draw Summoning


You were on level 9 of the Dungeon.
You worshipped Nemelex Xobeh.
Nemelex Xobeh was aware of your devotion.
You visited 2 branches of the dungeon, and saw 10 of its levels.

You collected 157 gold pieces.

Inventory:

Hand Weapons
 i - a +0 dagger (weapon)
 q - a +3 short sword
 I - a +0 dagger
 J - a +1 short sword of electrocution
Missiles
 c - 94 stones (quivered)
 p - 7 curare-tipped darts
 x - 20 poisoned darts
Armour
 a - a +0 robe (worn)
Magical Staves
 z - a staff of earth
Jewellery
 r - an amulet of magic regeneration
 K - a ring of resist corrosion
Wands
 A - a wand of charming (3)
Scrolls
 e - 6 scrolls of identify {unknown}
 h - 3 scrolls of fog
 j - 2 scrolls of amnesia
 k - 2 scrolls of noise {unknown}
 l - 4 scrolls of blinking
 m - 3 scrolls of summoning {unknown}
 s - a scroll of teleportation {unknown}
 w - 3 scrolls of enchant armour {unknown}
 y - a scroll of fear {unknown}
 D - a scroll of silence {unknown}
 E - a scroll of immolation {unknown}
 F - a scroll of revelation {unknown}
 H - a scroll of poison {unknown}
Potions
 b - a potion of magic
 d - 8 potions of curing {unknown}
 f - 2 potions of mutation {unknown}
 g - 3 potions of lignification {unknown}
 n - a potion of heal wounds {unknown}
 o - a potion of invisibility {unknown}
 t - 4 potions of attraction {unknown}
 u - a potion of brilliance {unknown}
 v - a potion of degeneration {unknown}
 B - 2 potions of enlightenment {unknown}
 C - 2 potions of haste {unknown}
 G - a potion of might {unknown}


   Skills:
 - Level 2.1 Fighting
 - Level 2.2 Short Blades
 + Level 10.6 Dodging
 + Level 12.5 Stealth
 - Level 6.0 Spellcasting
 - Level 3.3 Conjurations
 - Level 4.3 Earth Magic
 - Level 3.1 Invocations
 - Level 4.1 Evocations


You had 13 spell levels left.
You knew the following spells:

 Your Spells              Type           Power      Damage    Failure   Level
a - Sandblast             Erth           50%        2d12      1%          1
b - Stone Arrow           Conj/Erth      46%        3d9       5%          3
c - Passwall              Erth           25%        N/A       4%          3
d - Foxfire               Conj/Fire      52%        2x1d6     4%          1

Your spell library contained the following spells:

 Spells                   Type           Power      Damage    Failure   Level
 Magic Dart               Conj           84%        1d7       2%          1
 Searing Ray              Conj           42%        2d6       3%          2
 Static Discharge         Conj/Air       26%        3-5/arc   7%          2
 Brom's Barrelling Bould  Conj/Erth      23%        2d4       19%         4
 Petrify                  Alch/Erth      16%        N/A       36%         4
 Fulminant Prism          Conj/Alch      6%         3d7       41%         4
 Airstrike                Air            3%         2d(1-17)  65%         4
 Manifold Assault         Tloc           6%         N/A       65%         4
 Summon Blazeheart Golem  Fire/Summ      6%         N/A       65%         4
 Summon Lightning Spire   Summ/Air       6%         N/A       65%         4
 Dispersal                Tloc           3%         N/A       100%        6
 Plasma Beam              Fire/Air       3%         2x1d13    100%        6
 Starburst                Conj/Fire      6%         6d4       100%        6
 Orb of Destruction       Conj           10%        9d6       100%        7
 Spellforged Servitor     Conj/Summ      6%         N/A       100%        7
 Disjunction              Tloc           3%         N/A       100%        8


Dungeon Overview and Level Annotations

Branches:
Dungeon (9/15)             Temple (1/1) D:6            Lair (0/5) D:8
    Orc: D:9-12

Altars:
Ashenzari
Cheibriados
Dithmenos
Elyvilon
Fedhas
Hepliaklqana
Kikubaaqudgha
Makhleb
Nemelex Xobeh
Qazlal
Ru
Sif Muna
Uskayaw
Vehumet
Wu Jian
Xom
Yredelemnul
Zin
The Shining One

Shops:
D:2 ?

Portals:
Bailey: D:9

Annotations:
D:7 Maurice


Innate Abilities, Weirdness & Mutations

You are very small and have problems with some larger weapons.
You are too small for most types of armour.
You have supernaturally acute eyesight. (SInv)
You cover ground extremely quickly. (Speed+++)


Message History

The killer bee stings you but does no damage.
You feel sick.
You feel sick.
You feel sick. The killer bee misses you.
You feel sick.
The killer bee attacks as it pursues you!
The killer bee completely misses you.
You feel sick. The killer bee completely misses you.
You draw a card...
You have drawn the Illusion.
Suddenly you stand beside yourself.
The deck of cards glows slightly and disappears.
You feel sick.
The killer bee completely misses Mamutox's illusion.
The killer bee completely misses you.
You feel sick.
The killer bee completely misses Mamutox's illusion.
Mamutox's illusion points at the killer bee and mumbles some strange words.
The stone arrow hits the killer bee!
You feel sick.
You are no longer poisoned.
The killer bee stings Mamutox's illusion.
The killer bee completely misses Mamutox's illusion.
Mamutox's illusion hits the killer bee.
The killer bee dies!
The killer bee barely misses Mamutox's illusion.
The killer bee completely misses Mamutox's illusion.
Mamutox's illusion barely misses the killer bee.
There is a stone staircase leading up here.
Casting: Sandblast (safe; 1% risk of failure)
Confirm with . or Enter, or press ? or * to list all spells.
Aiming: Sandblast (safe; 1% risk of failure)
Press: ? - help, Shift-Dir - straight line, f - killer bee
Aim: a killer bee (65% to hit)
The blast of sand hits the killer bee!
The killer bee is almost dead.
The killer bee stings you.
* * * LOW HITPOINT WARNING * * *
The killer bee stings you!
You die...
Your body disappears without a glow.

#@.# ##†# #.# #
####.## .# #.....#
######.### ......
#.....### #........#
...... #.......##
#......... ......
#.....#y.# #.........
....o. #.....##.##
#.@......# ......
#.....##..###.y......#
......
#########..##........#
....o. ##..y........#
...... ####........#
...... ##########
######


You could see 2 killer bees.

Vanquished Creatures
  The ghost of CipHuK the Cleaver, an amateur HORe (D:3)
  2 hornets
  Edmund (D:4)
  A water moccasin (D:8)
  2 orc warriors (D:6)
  2 sky beasts (D:6)
  4 ogres
  2 ice beasts (D:6)
  5 centaurs
  2 phantoms (D:5)
  2 kobold brigands (D:8)
  2 bullfrogs
  A scorpion (D:6)
  A water moccasin zombie (D:3)
  9 wights
  A killer bee (D:9)
  3 bombardier beetles
  A bullfrog zombie (D:3)
  A bullfrog skeleton (D:3)
  A jelly (D:6)
  5 orc priests
  3 hounds
  2 iguanas
  Jessica (D:3)
  2 sleepcaps
  Terence (D:2)
  Natasha (thrice) (D:3)
  7 orc wizards
  6 gnolls (D:3)
  11 adders
  A shadow imp (D:6)
  A white imp (D:7)
  4 dart slugs
  2 ribbon worms
  32 orcs
  5 endoplasms
  2 giant cockroaches (D:4)
  5 goblins
  15 hobgoblins
  16 kobolds
  8 quokkas
  8 ball pythons
  8 bats
  4 frilled lizards
  7 rats
203 creatures vanquished.

Vanquished Creatures (collateral kills)
  A killer bee (D:9)
  4 kobolds (D:8)
5 creatures vanquished.

Vanquished Creatures (others)
  12 foxfires
12 creatures vanquished.

Grand Total: 220 creatures vanquished

Notes
Turn   | Place    | Note
-------+----------+-------------------------------------------
     0 | D:1      | Mamutox the Spriggan Earth Elementalist began the quest for
                  | the Orb.
     0 | D:1      | Reached XP level 1. HP: 9/9 MP: 5/5
   270 | D:1      | Reached XP level 2. HP: 13/13 MP: 2/6
   469 | D:1      | Reached skill level 1 in Conjurations
   803 | D:1      | Reached XP level 3. HP: 16/16 MP: 5/8
  1287 | D:2      | Noticed Terence
  1627 | D:2      | Found a faded altar of an unknown god.
  1630 | D:2      | Reached skill level 1 in Short Blades
  1630 | D:2      | Reached skill level 4 in Stealth
  1630 | D:2      | Reached XP level 4. HP: 21/21 MP: 7/9
  1838 | D:2      | Found Geaplof's Magic Scroll Shop.
  1890 | D:2      | Identified the +7 whip "Geocoq" {vamp, Will- rCorr Dex+4
                  | Stlth+}
  2234 | D:2      | Killed Terence
  2479 | D:3      | Reached XP level 5. HP: 24/24 MP: 4/10
  2505 | D:3      | Reached skill level 5 in Stealth
  2635 | D:3      | Found a runed translucent gate.
  2825 | D:3      | Reached skill level 1 in Fighting
  3042 | D:3      | Noticed Natasha
  3057 | D:3      | Killed Natasha
  3135 | D:3      | Noticed Natasha
  3143 | D:3      | Killed Natasha
  3215 | D:3      | Noticed Jessica
  3287 | D:3      | Killed Jessica
  3288 | D:3      | Reached XP level 6. HP: 30/30 MP: 9/12
  3367 | D:3      | Found a runed translucent gate.
  3370 | D:3      | Found a runed translucent gate.
  3408 | D:3      | Noticed CipHuK's ghost (amateur HORe)
  3527 | D:3      | Noticed Natasha
  3536 | D:3      | Killed Natasha
  3537 | D:3      | Reached skill level 5 in Dodging
  3549 | D:3      | Reached skill level 6 in Stealth
  4241 | D:4      | Reached XP level 7. HP: 35/35 MP: 12/14
  4264 | D:4      | Noticed Edmund
  4465 | D:3      | Learned a level 3 spell: Stone Arrow
  4528 | D:3      | Killed CipHuK's ghost
  4529 | D:3      | Reached skill level 7 in Stealth
  4529 | D:3      | Reached skill level 5 in Spellcasting
  4972 | D:4      | Killed Edmund
  5416 | D:5      | Entered Level 5 of the Dungeon
  5495 | D:5      | Reached XP level 8. HP: 39/39 MP: 18/18
  5587 | D:5      | Found a hide-covered altar of Uskayaw.
  5604 | D:5      | Reached skill level 8 in Stealth
  6051 | D:5      | Reached skill level 9 in Stealth
  6753 | D:6      | Reached skill level 10 in Stealth
  6864 | D:6      | Found the +1 Delatra's gloves {ID++}
  7422 | D:6      | Reached skill level 11 in Stealth
  7422 | D:6      | Reached XP level 9. HP: 42/42 MP: 9/19
  7835 | D:6      | Reached skill level 10 in Dodging
  8007 | D:6      | Reached skill level 12 in Stealth
  8336 | D:6      | Found a staircase to the Ecumenical Temple.
  8342 | Temple   | Entered the Ecumenical Temple
  8548 | Temple   | Upgraded the game from 0.31.0-4-g52a2dc7128 to
                  | 0.31.0-7-gf635a9b802
  8611 | Temple   | Became a worshipper of Nemelex Xobeh the Trickster
  8707 | D:6      | Reached skill level 1 in Evocations
  8855 | D:6      | Reached skill level 1 in Invocations
  9497 | D:7      | Noticed Maurice
  9540 | D:7      | Maurice stole 179 gold
  9863 | D:7      | Reached * piety under Nemelex Xobeh
 10029 | D:7      | Found a broken altar of Ashenzari.
 10108 | D:7      | Learned a level 3 spell: Passwall
 10110 | D:7      | Learned a level 1 spell: Foxfire
 10158 | D:7      | Found a shadowy altar of Dithmenos.
 10862 | D:8      | Found a staircase to the Lair.
 10882 | D:8      | Received a gift from Nemelex Xobeh
 11043 | D:8      | Reached XP level 10. HP: 46/46 MP: 20/20
 11609 | D:9      | Found a flagged portal.
 11638 | D:9      | Slain by a killer bee

Illustrated notes

Levels and vault maps discovered:
D:1:      dpeg_arrival_subterranean_lakeside_camping, layout_basic
D:2:      layout_basic, nicolae_ecumenical_snake_handling, serial_shops, shop,
          uniq_terence
D:3:      layout_basic, gammafunk_ghost_necromancy, uniq_jessica, uniq_natasha
D:4:      layout_cave_pools, uniq_edmund
D:5:      layout_loops_ring, nicolae_uskayaw_dance_hall
D:6:      layout_basic, temple_green, palyth_stone_intersect,
          pf_guarded_unrand_delatra
D:7:      layout_cave_pools, mainiacjoe_overflow_concentric_impassable,
          lemuel_doored_altar, chequers_garden, uniq_maurice
D:8:      layout_basic, lair_entry_dummy, nicolae_twisty_statue_hallways
D:9:      layout_roguey, hellmonk_ghost_happy_afterlife, enter_bailey_5,
          uniq_harold, uniq_pikel
Temple:   minmay_temple_bridge_d

Skill      XL: |  1  2  3  4  5  6  7  8  9 |
---------------+----------------------------+-----
Dodging        | 3 4 5 6 9 10 | 10.6
Spellcasting   | 3 4 6 |  6.0
Conjurations   | 1 2 3 |  3.3
Earth Magic    | 3 4 |  4.3
Short Blades   | 1 2 |  2.2
Stealth        | 4 5 6 7 11 12 | 12.5
Fighting       | 2 |  2.1
Evocations     | 4 |  4.1
Invocations    | 3 |  3.1

Action                     |  1- 3 |  4- 6 |  7- 9 | 10-12 || total
---------------------------+-------+-------+-------+-------++-------
  Melee: Unarmed           |     1 |       |       |       ||     1
         Dagger            |    21 |    38 |    33 |       ||    92
         Punch             |       |     1 |       |       ||     1
   Cast: Sandblast         |    59 |   100 |   139 |    12 ||   310
         Stone Arrow       |       |       |    84 |     8 ||    92
         Foxfire           |       |       |    10 |     1 ||    11
 Invoke: Draw Summoning    |       |       |       |     2 ||     2
    Use: Scroll            |       |       |     3 |       ||     3
   Stab: Sleeping          |    11 |     9 |    19 |       ||    39
         Distracted        |       |       |     1 |       ||     1
 Armour: Robe              |    17 |    25 |    39 |     9 ||    90
  Dodge: Dodged            |    26 |    66 |   115 |    20 ||   227
